 Dungeon Crawl Stone Soup version 0.31-a0-1447-g87ca8d402b (webtiles) character file.

Game seed: 9294728121737137918

121 Loonster the Changeling (level 4, -1/63 HPs)
             Began as a Troll Shapeshifter on Dec 27, 2023.
             Slain by a gnoll
             ... wielding a +0 spear
             ... led by a gnoll bouda
              (2 damage)
             ... on level 3 of the Dungeon.
             The game lasted 00:02:20 (1458 turns).

Loonster the Changeling (Troll Shapeshifter)        Turns: 1458, Time: 00:02:20

Health: -1/63      AC:  4    Str: 24    XL:     4   Next: 76%
Magic:  3/3        EV: 10    Int:  6    God:
Gold:   90         SH:  0    Dex:  9    Spells: 3/3 levels left

rFire   . .          .
                       - Unarmed
rCold   . . .        (no shield)
rNeg    . . .        a - +0 animal skin
rPois   .            (helmet currently unavailable)
rElec   .            (cloak currently unavailable)
rCorr   .            (gloves unavailable)
SInv    .            (boots unavailable)
Will    .....        (no amulet) Stlth
                     (no ring)
HPRegen 1.10/turn    (no ring)
MPRegen 0.08/turn

%: no passive effects
@: berserking, lethally poisoned (-1 -> -6), beast-form, very quick
A: beast (slay +2), large, unfitting armour, claws 3, regeneration 1, shaggy fur
1, tough skin 1
a: Begin Untransformation


You were on level 3 of the Dungeon.
You were a hulking beast.
You visited 1 branch of the dungeon, and saw 3 of its levels.

You collected 90 gold pieces.

Inventory:

Armour
 a - a +0 animal skin (worn)
Jewellery
 g - a ring of fire
Talismans
 c - a beast talisman
 d - a flux talisman
 h - a talisman of death
Scrolls
 i - a scroll of enchant weapon {unknown}
 k - 2 scrolls of identify {unknown}
 l - a scroll of teleportation {unknown}
 m - a scroll of noise {unknown}
Potions
 b - a potion of lignification
 j - a potion of haste {unknown}
 n - a potion of curing {unknown}


   Skills:
 + Level 1.9 Fighting
 + Level 2.0 Dodging
 + Level 3.8 Unarmed Combat
 - Level 4.0 Shapeshifting


You had 3 spell levels left.
You didn't know any spells.
Your spell library contained the following spells:

 Spells                   Type           Power      Damage    Failure   Level
 Static Discharge         Conj/Air       0%         3-3/arc   58%         2
 Swiftness                Air            0%         N/A       83%         3
 Arcjolt                  Conj/Air       0%         1d10      100%        5


Dungeon Overview and Level Annotations

Branches:
Dungeon (3/15)

Altars:


Innate Abilities, Weirdness & Mutations

You are a hulking beast.
Your limbs bulge with bestial killing power. (Slay +2)
You are too large for most types of armour.
You have claws for hands.
Your natural rate of healing is unusually fast.
You are covered in fur. (AC +1)
You have tough skin. (AC +1)


Message History

You feel very sick.
The gnoll hits you from afar with a +0 spear.
The adder misses you.
The gnoll bouda hits you with a +0 whip of venom.
You are more poisoned.
You claw the adder!
You kill the adder!
You feel very sick.
The gnoll hits you from afar with a +0 spear.
The gnoll hits you with a +0 club. The gnoll bouda barely misses you.
Your Dodging skill increases to level 2!
You claw the gnoll bouda!
The gnoll bouda is almost dead.
You feel very sick.
The gnoll hits you from afar with a +0 spear.
The gnoll hits you with a +0 club.
* * * LOW HITPOINT WARNING * * *
The gnoll hits you with a +0 whip.
* * * LOW HITPOINT WARNING * * *
You feel much better.
You feel sick. The gnoll bouda barely misses you.
The gnoll barely misses you. x2; The gnoll hits you but does no damage.
The gnoll hits you with a +0 whip!
You feel sick.
The gnoll is no longer moving quickly.
The gnoll bouda attacks as it pursues you!
The gnoll bouda hits you with a +0 whip of venom!
* * * LOW HITPOINT WARNING * * *
You are lethally poisoned!
The gnoll misses you. x2
* * * LOW HITPOINT WARNING * * *
You feel very sick. The gnoll barely misses you.
It was a potion of berserk rage.
A red film seems to cover your vision as you go berserk!
You feel yourself moving faster!
You feel mighty!
* * * LOW HITPOINT WARNING * * *
You feel very sick.
The gnoll bouda barks out a call to the hunt!
The gnoll picks up the pace!
The gnoll hits you from afar with a +0 spear.
You die...

.....≈≈≈≈≈≈≈≈.[...
...................
..................#
.............)...
#..............##
##..†K...........#
#...gg†...?......####..
#..†ggg................
........####h.........#..#...
#$.........†...........#.....
..####.......###..†..........
......### +.........#...
.....#+# ##............
......# #............
..^....# ##........#.. ##
#.....[..... #...........


You could see a gnoll bouda, 4 gnolls and a kobold.

Vanquished Creatures
  6 adders
  A worm (D:2)
  2 dart slugs (D:1)
  4 endoplasms
  2 giant cockroaches (D:1)
  6 hobgoblins
  5 jackals
  4 kobolds
  4 quokkas
  4 ball pythons
  2 bats
  3 frilled lizards
  7 goblins
  11 rats
61 creatures vanquished.

Notes
Turn   | Place    | Note
-------+----------+-------------------------------------------
     0 | D:1      | Loonster the Troll Shapeshifter began the quest for the
                  | Orb.
     0 | D:1      | Reached XP level 1. HP: 18/18 MP: 0/0
   184 | D:1      | Reached XP level 2. HP: 26/26 MP: 1/1
   439 | D:1      | Reached skill level 4 in Shapeshifting
   586 | D:1      | Reached XP level 3. HP: 32/32 MP: 2/2
   896 | D:2      | Reached skill level 1 in Fighting
   981 | D:2      | Reached XP level 4. HP: 39/41 MP: 3/3
  1221 | D:2      | Got the Quarto of the Sky
  1457 | D:3      | HP: 2/42 [poisoned by a gnoll bouda]
  1458 | D:3      | Slain by a gnoll

Illustrated notes

Levels and vault maps discovered:
D:1:      lemuel_arrival_behind_the_door_small, layout_basic, minmay_domino_2
D:2:      layout_rooms, serial_bayou_lagoon_a, wad_floor_pattern_2
D:3:      layout_rooms, mainiacjoe_overflow_concentric_impassable, serial_shops,
          nicolae_shop_rolling_square

Skill      XL: |  1  2  3  4 |
---------------+-------------+-----
Shapeshifting  | 4 |  4.0
Fighting       | 1 |  1.9
Dodging        | 2 |  2.0
Unarmed Combat | |  3.8

Action                     |  1- 3 |  4- 6 || total
---------------------------+-------+-------++-------
  Melee: Unarmed           |    82 |    67 ||   149
         Punch             |     3 |       ||     3
    Use: Potion            |       |     3 ||     3
 Armour: Animal skin       |    42 |    60 ||   102
  Dodge: Dodged            |    32 |    36 ||    68

Table legend: (Time is in decaauts)
 A = Elapsed time spent in this place.
 B = Non-inter-level travel time spent in this place.
 C = Inter-level travel time spent in this place.
 D = Time resting spent in this place.
 E = Time spent auto-exploring this place.
 F = Levels seen in this place.
 G = Mean time per level.
                   A        B        C        D        E       F      G
               +--------+--------+--------+--------+--------+-----+--------+
         Total |   1447 |   1429 |     18 |      0 |   1112 |   3 |  482.3 |
       Dungeon |   1447 |   1429 |     18 |      0 |   1112 |   3 |  482.3 |
               +--------+--------+--------+--------+--------+-----+--------+

Top non-repeatable levels by time:
     D:1: 883 daAuts
     D:2: 481 daAuts
     D:3: 82 daAuts
